 Dungeon Crawl Stone Soup version 0.24.0-125-gc4c63601f3 (webtiles) character file.

Game seed: 11103472747419670658, levelgen mode: deterministic

22449 Curus the Fighter (level 12, -10/118 HPs)
             Began as a Minotaur Gladiator on Feb 27, 2020.
             Was an Elder of Trog.
             Mangled by an entropy weaver (12 damage)
             ... on level 5 of the Lair of Beasts on Feb 28, 2020.
             The game lasted 00:56:06 (12689 turns).

Curus the Fighter (Minotaur Gladiator)             Turns: 12689, Time: 00:56:06

Health: -10/118    AC: 10    Str: 20    XL:     12   Next: 63%
Magic:  11/11      EV: 19    Int:  7    God:    Trog [****..]
Gold:   601        SH:  0    Dex: 14    Spells: 11/11 levels left

rFire    . . .     SeeInvis .   a - +4 trident
rCold    + . .     Gourm    .   (no shield)
rNeg     + . .     Faith    .   u - +3 ring mail {rC+}
rPois    .         Spirit   .   c - +1 hat
rElec    .         Reflect  .   n - +1 cloak
rCorr    .         Harm     .   m - +1 pair of gloves
MR       .....     Rnd*Rage +   A - +0 pair of boots
Stlth    ++........             (no amulet)
HPRegen  0.29/turn              r - ring of the Empty Page {Slay+2 Stlth+}
MPRegen  0.12/turn              I - ring of positive energy

@: about to teleport, corroded, berserk cooldown, slowed, very slow
A: retaliatory headbutt, hooves 1, horns 2, berserk 1, wild magic 1
a: Berserk, Trog's Hand, Brothers in Arms, Renounce Religion


You were on level 5 of the Lair of Beasts.
You worshipped Trog.
Trog was greatly pleased with you.
You were not hungry.

You visited 3 branches of the dungeon, and saw 18 of its levels.

You collected 601 gold pieces.

Inventory:

Hand Weapons
 a - a +4 trident (weapon)
 D - a +1 halberd of chopping
Missiles
 d - 4 throwing nets (quivered)
Armour
 b - a +0 leather armour
 c - a +1 hat (worn)
 m - a +1 pair of gloves (worn)
 n - a +1 cloak (worn)
 u - a +3 ring mail of cold resistance (worn)
 x - the +1 ring mail "Eloheusasch" {rC+}
   (You found it on level 6 of the Dungeon)

   It protects you from cold.
 A - a +0 pair of boots (worn)
Jewellery
 j - a +3 ring of dexterity
 o - a +3 ring of dexterity
 r - the ring of the Empty Page (left hand) {Slay+2 Stlth+}
   (You found it on level 6 of the Dungeon)

   [ring of stealth]

   It affects your accuracy and damage with ranged weapons and melee attacks
   (+2).
   It makes you more stealthy.
 s - an uncursed ring of see invisible
 C - an uncursed ring of attention
 E - an uncursed ring of protection from magic
 I - a ring of positive energy (right hand)
Wands
 i - a wand of enslavement (9)
 v - a wand of polymorph (7)
 w - a wand of acid (19)
 F - a wand of random effects (29)
 H - a wand of iceblast (6)
 J - a wand of flame (5)
 K - a wand of disintegration (10)
Scrolls
 e - 4 scrolls of identify
 h - 2 scrolls of magic mapping
 q - 7 scrolls of remove curse
 t - 3 scrolls of teleportation
 y - a scroll of fear
 z - a scroll of amnesia
Potions
 g - a potion of heal wounds
 k - 3 potions of flight
 l - 2 potions of cancellation
 p - 2 potions of berserk rage
 B - a potion of haste
 G - a potion of might
Comestibles
 f - 27 rations


   Skills:
 + Level 14.5 Fighting
 - Level 14.0 Polearms
 - Level 2.0 Throwing
 + Level 13.7 Dodging


You had 11 spell levels left.
You didn't know any spells.
Your spell library contained the following spells:

 Spells                   Type           Power        Failure   Level  Hunger
 Confusing Touch          Hex            #.....       71%         1    ##.....
 Confuse                  Hex            #.......     96%         3    ####...
 Gell's Gravitas          Tloc           #.........   96%         3    ####...
 Petrify                  Tmut/Erth      #.......     100%        4    #####..
 Metabolic Englaciation   Hex/Ice        #.........   100%        5    ######.
 Yara's Violent Unravell  Hex/Tmut       #.........   100%        5    ######.


Dungeon Overview and Level Annotations

Branches:
Dungeon (11/15)            Temple (1/1) D:7            Lair (6/6) D:11
 Shoals (0/4) Lair:4       Spider (0/4) Lair:2          Orc (0/2) D:9
  Slime: Lair:5-6

Altars:
Dithmenos
Gozag
Kikubaaqudgha
Sif Muna
Trog
Uskayaw
Wu Jian
The Shining One

Shops:
D:6 %   D:8 *

Annotations:
Lair:2 exclusion: oklob plant


Innate Abilities, Weirdness & Mutations

You reflexively headbutt those who attack you in melee.
You have a pair of horns on your head.
You have large cloven feet.
You tend to lose your temper in combat.
Your spells are a little harder to cast, but a little more powerful.


Message History

Your ogre goes berserk!
You feel somewhat more hungry. The entropy weaver hits you.
* * * LOW HITPOINT WARNING * * *
The entropy weaver hits you but does no damage. x2
The entropy weaver hits you!
* * * LOW HITPOINT WARNING * * *
A worker ant comes into view.
The entropy weaver misses you. You furiously retaliate!
You headbutt the entropy weaver! The entropy weaver hits you.
* * * LOW HITPOINT WARNING * * *
The entropy weaver hits you!
* * * LOW HITPOINT WARNING * * *
The entropy weaver hits you.
* * * LOW HITPOINT WARNING * * *
The soldier ant closely misses you.
As you read the scroll of teleportation, it crumbles to dust.
You feel strangely unstable.
A worker ant comes into view.
The entropy weaver hits you!
You die...

............# # ..
...........## .#...
............##.....
...................
..............###..
####..P#..†###
##.###†.# ####..†##
#...@†#†#
#.$.a.a††#
........O...P.#
.......P......P.
....#...........
.....##.#.#.#.##
..... .#.#a###.#
.....## # a# #.


You could see an entropy weaver, a soldier ant, 2 worker ants and a friendly
ogre (berserk).

Vanquished Creatures
  Harold (D:10)
  5 death yaks (Lair:3)
  3 two-headed ogres
  An unseen horror (D:10)
  An ugly thing (D:11)
  A black mamba (Lair:2)
  3 spiny frogs
  A merfolk siren (Lair:4)
  Psyche (D:9)
  3 komodo dragons
  2 rime drakes
  A troll (D:11)
  3 jumping spiders (Lair:2)
  Prince Ribbit (D:5)
  2 hippogriffs (D:8)
  3 blink frogs (Lair:1)
  4 redbacks (Lair:2)
  11 yaks
  2 soldier ants (Lair:5)
  Duvessa (D:4)
  9 water moccasins
  A swamp drake (D:9)
  9 porcupines
  3 sky beasts
  A black bear (Lair:2)
  5 orc warriors
  4 ice beasts
  2 phantoms
  7 ogres
  3 wolves
  A centaur (D:9)
  8 crocodiles
  5 bullfrogs
  Dowan (D:4)
  7 scorpions
  7 wights
  4 howler monkeys
  3 electric eels (D:11)
  6 crimson imps
  A centaur zombie (D:10)
  A bullfrog zombie (D:11)
  11 hounds
  5 bullfrog skeletons
  A quasit (D:8)
  6 orc priests
  Crazy Yiuf (D:3)
  3 jellies (D:9)
  9 orc wizards
  A centaur skeleton (D:10)
  Jessica (D:3)
  2 iguanas
  21 worker ants
  Natasha (thrice) (D:4)
  A hound skeleton (D:2)
  A worker ant zombie (D:8)
  Robin (D:3)
  3 gnolls (D:10)
  14 adders
  A howler monkey skeleton (D:5)
  2 shadow imps
  A white imp (D:6)
  5 oozes (D:9)
  2 adder skeletons (D:5)
  4 worms
  A dart slug (D:2)
  8 leopard geckos
  49 orcs
  5 giant cockroaches
  10 goblins
  12 hobgoblins
  9 jackals
  9 quokkas
  6 bats
  4 frilled lizards
  A giant cockroach zombie (D:5)
  4 goblin skeletons (D:6)
  2 goblin zombies (D:6)
  2 hobgoblin zombies (D:6)
  7 kobolds
  2 kobold skeletons (D:6)
  2 kobold zombies (D:6)
  A leopard gecko skeleton (D:4)
  An orc skeleton (D:6)
  6 rats
378 creatures vanquished.

Vanquished Creatures (others)
  An orc (D:9)
  A fungus (Lair:2)
2 creatures vanquished.

Grand Total: 380 creatures vanquished

Notes
Turn   | Place    | Note
-------+----------+-------------------------------------------
     0 | D:1      | Curus the Minotaur Gladiator began the quest for the Orb.
     0 | D:1      | Reached XP level 1. HP: 18/18 MP: 0/0
   526 | D:1      | Reached XP level 2. HP: 25/25 MP: 1/1
  1043 | D:2      | Reached skill level 5 in Polearms
  1043 | D:2      | Reached XP level 3. HP: 25/30 MP: 2/2
  1275 | D:2      | Reached XP level 4. HP: 29/37 MP: 3/3
  1619 | D:3      | Noticed Jessica
  1620 | D:3      | Killed Jessica
  1620 | D:3      | Reached XP level 5. HP: 42/42 MP: 4/4
  1848 | D:3      | Noticed Robin
  1873 | D:3      | Killed Robin
  2384 | D:3      | Found a runed translucent door.
  2385 | D:3      | Noticed Crazy Yiuf
  2427 | D:3      | Killed Crazy Yiuf
  2695 | D:4      | Reached XP level 6. HP: 41/50 MP: 5/5
  3264 | D:4      | Noticed Natasha
  3271 | D:4      | Killed Natasha
  3271 | D:4      | Reached XP level 7. HP: 56/56 MP: 6/6
  3319 | D:4      | Noticed Natasha
  3326 | D:4      | Killed Natasha
  3365 | D:4      | Reached skill level 10 in Polearms
  3527 | D:4      | Found an ornate altar of the Wu Jian Council.
  3593 | D:4      | Found a shimmering blue altar of Sif Muna.
  3665 | D:4      | Noticed Duvessa
  3665 | D:4      | Noticed Dowan
  3681 | D:4      | Killed Duvessa
  3690 | D:4      | Killed Dowan
  3968 | D:4      | Noticed Natasha
  3973 | D:4      | Reached XP level 8. HP: 62/62 MP: 7/7
  3982 | D:4      | Killed Natasha
  4236 | D:5      | Entered Level 5 of the Dungeon
  4261 | D:5      | You fall into a shaft and drop 3 floors!
  4361 | D:6      | Found a glowing golden altar of the Shining One.
  4575 | D:6      | Got a smoking bone ring
  4577 | D:6      | Identified the ring of the Empty Page {Slay+2 Stlth+} (You
                  | found it on level 6 of the Dungeon)
  4911 | D:5      | Noticed Prince Ribbit
  4952 | D:5      | Killed Prince Ribbit
  5628 | D:6      | Found Meli's Food Shoppe.
  5689 | D:6      | Reached XP level 9. HP: 68/68 MP: 8/8
  5725 | D:6      | Got a scorched ring mail
  6125 | D:6      | Identified the +1 ring mail "Eloheusasch" {rC+} (You found
                  | it on level 6 of the Dungeon)
  6286 | D:7      | Found a staircase to the Ecumenical Temple.
  6368 | Temple   | Entered the Ecumenical Temple
  6407 | Temple   | Became a worshipper of Trog the Wrathful
  7057 | D:8      | Reached skill level 5 in Dodging
  7061 | D:8      | Reached skill level 5 in Fighting
  7229 | D:8      | Found an opulent altar of Gozag.
  7229 | D:8      | Found Gozag's Platinum Reserve.
  7617 | D:9      | Reached * piety under Trog
  7862 | D:9      | Noticed a two-headed ogre
  7866 | D:9      | Reached XP level 10. HP: 86/86 MP: 9/9
  7877 | D:9      | Killed a two-headed ogre
  8056 | D:9      | Noticed Psyche
  8062 | D:9      | Killed Psyche
  8111 | D:9      | Reached ** piety under Trog
  8152 | D:9      | Found a staircase to the Orcish Mines.
  8223 | D:9      | Gained mutation: You tend to lose your temper in combat.
                  | [potion of mutation]
  8223 | D:9      | Gained mutation: Your spells are a little harder to cast,
                  | but a little more powerful. [potion of mutation]
  8223 | D:9      | Gained mutation: You have large cloven feet. [potion of
                  | mutation]
  8403 | D:10     | Entered Level 10 of the Dungeon
  8430 | D:10     | Noticed a two-headed ogre
  8438 | D:10     | Killed a two-headed ogre
  8556 | D:10     | Noticed Harold
  8571 | D:10     | Killed Harold
  8571 | D:10     | Reached skill level 10 in Fighting
  8825 | D:10     | Noticed an unseen horror
  8834 | D:10     | Killed an unseen horror
  8834 | D:10     | Reached skill level 10 in Dodging
  8834 | D:10     | Reached XP level 11. HP: 87/101 MP: 10/10
  8977 | D:11     | Noticed a green ugly thing
  8996 | D:11     | Killed a green ugly thing
  9158 | D:11     | Noticed a two-headed ogre
  9168 | D:11     | Killed a two-headed ogre
  9420 | D:11     | Found a staircase to the Lair.
  9440 | D:11     | Reached *** piety under Trog
  9740 | Lair:1   | Entered Level 1 of the Lair of Beasts
 10755 | Lair:2   | Noticed an oklob plant
 10847 | Lair:2   | Reached **** piety under Trog
 11121 | Lair:2   | Reached XP level 12. HP: 113/115 MP: 11/11
 11496 | Lair:2   | Found a hole to the Spider Nest.
 11954 | Lair:3   | Noticed a death yak
 11954 | Lair:3   | Noticed a death yak
 11954 | Lair:3   | Noticed a death yak
 11954 | Lair:3   | Noticed a death yak
 11954 | Lair:3   | Noticed a death yak
 11958 | Lair:3   | Noticed a death yak
 11976 | Lair:3   | Killed a death yak
 11994 | Lair:3   | Killed a death yak
 11996 | Lair:3   | Killed a death yak
 12008 | Lair:3   | Killed a death yak
 12013 | Lair:3   | HP: 7/174 [death yak (4)]
 12014 | Lair:3   | Killed a death yak
 12454 | Lair:4   | Found a staircase to the Shoals.
 12567 | Lair:4   | You fall into a shaft and drop 2 floors!
 12567 | Lair:6   | Entered Level 6 of the Lair of Beasts
 12670 | Lair:5   | Noticed an entropy weaver
 12688 | Lair:5   | HP: 5/118 [entropy weaver (11)]
 12688 | Lair:5   | HP: 2/118 [entropy weaver (3)]
 12689 | Lair:5   | Mangled by an entropy weaver

Levels and vault maps discovered:
D:1:      dpeg_arrival_rooms_b, layout_loops_corners
D:2:      layout_loops_ring, chequers_serial_rivers_micro_a
D:3:      layout_loops_ring, first_ration, uniq_jessica, uniq_robin,
          uniq_crazy_yiuf_cottage
D:4:      layout_basic, led_sif_book, tgw_xom, lemuel_doored_altar,
          minmay_vboxes, uniq_duvessa, uniq_natasha, uniq_pikel
D:5:      layout_cave_pools, uniq_prince_ribbit1
D:6:      layout_gridville, nicolae_tso_besieged_by_evil, serial_shops, shop,
          serial_rivers, chequers_serial_rivers_small_a,
          chequers_serial_rivers_micro_d, chequers_serial_rivers_micro_e,
          chequers_serial_rivers_room_b, chequers_serial_rivers_micro_e
D:7:      layout_basic, minmay_temple_entry_junction_2
D:8:      layout_rooms, nicolae_gozag_zags_fifth_avenue
D:9:      layout_loops_ring, erik_orc_1, hangedman_little_slice_of_home,
          uniq_psyche
D:10:     layout_small_grid, nrook_uturn, kennysheep_generic_room_11,
          uniq_harold
D:11:     layout_basic, erik_lair_island, uniq_erolcha, uniq_erica
Temple:   dpeg_five_rooms_temple
Lair:1:   layout_chaotic_city
Lair:2:   layout_roguey, nicolae_spider_entry_tight_spaces, serial_bayou_shore_b
Lair:3:   layout_roguey, beast_lair_carwin_3, infiniplex_staircase_pool_2,
          grunt_megastairs_3
Lair:4:   layout_long_grid, minmay_shoals_entry_lonely_mermaid
Lair:5:   layout_cave_pods, minmay_another_anthill
Lair:6:   evil_forest, layout_loops_ring, slime_altar_2, minivault_11,
          uniq_kirke

Skill      XL: |  1  2  3  4  5  6  7  8  9 10 11 12 |
---------------+-------------------------------------+-----
Polearms       | 4 5 6 7 8 9 11 13 14 | 14.0
Fighting       | 7 10 13 14 | 14.5
Dodging        | 7 10 12 13 | 13.7
Throwing       | |  2.0

Action                   |  1- 3 |  4- 6 |  7- 9 | 10-12 || total
-------------------------+-------+-------+-------+-------++-------
Melee: Trident           |    94 |   131 |   414 |   363 ||  1002
       Headbutt          |     9 |    22 |    67 |    89 ||   187
       Halberd           |       |       |       |   189 ||   189
Throw: Throwing net      |     1 |     2 |       |       ||     3
Invok: Berserk           |       |       |       |     5 ||     5
       Brothers in Arms  |       |       |       |     1 ||     1
Evoke: Wand              |       |       |       |     2 ||     2
  Use: Scroll            |     5 |     4 |    10 |     4 ||    23
       Potion            |     2 |     6 |     7 |     4 ||    19
 Stab: Sleeping          |       |     4 |     7 |     7 ||    18
       Held in net/web   |       |     1 |       |       ||     1
       Distracted        |       |       |       |     1 ||     1
  Eat: Chunk             |     1 |     7 |    14 |    15 ||    37
       Ration            |       |       |       |     2 ||     2
Armor: Leather armour    |    13 |    12 |    19 |       ||    44
       Ring mail         |       |       |    38 |   114 ||   152
Dodge: Dodged            |    37 |    39 |   126 |   263 ||   465
